cohdb
Replays
Latest Replays
All Replays
Popular Replays
Top Player Replays
Match Explorer
How It Works
Community
CoH3 Stats
Reddit
Sign in to upload your games and track your stats! →
Sign in with Steam
Match 45209110
Unlisted
Match 45209110
Overview
Messages
Build Orders
End
Selects Italian Coastal Battlegroup
Selects Coastal Reserves
Coastal Reserve
Construct Infanterie Kompanie
Coastal Reserve
MG 42 Machine Gun Team
Coastal Reserve
Medical Station
Selects Artillery Officer
Artillery Officer
Selects Designate Defensive Line
Coastal Reserve
Artillery Officer
Infanterie Officer Quarters
Coastal Reserve
Construct Panzergrenadier Kompanie
Designate Defensive Line
Selects Designated Artillery Overwatch
Forward Retreat Point
Medical Bunker
Selects Bulwark
Construct Panzer Kompanie
Designate Defensive Line
Panzer IV Medium Tank
Side Skirts
Panzer IV Medium Tank
Panzer IV Medium Tank
Repair Bunker
Panzer Officer Quarters
Gabriel
Haggets
Greymatter
LightKazi
0
0
Comments
sign in to comment!
No comments posted yet!